 Dungeon Crawl Stone Soup version 0.30.1-9-gdf580d7c3d (webtiles) character file.

Game seed: 10131784698008667110

266 Ivernyr the Shield-Bearer (level 6, -1/49 HPs)
             Began as a Formicid Fighter on Oct 6, 2023.
             Succumbed to a kobold brigand's curare-tipped dart
             ... in a sewer.
             The game lasted 00:07:05 (2468 turns).

Ivernyr the Shield-Bearer (Formicid Fighter)        Turns: 2468, Time: 00:07:05

Health: -1/49      AC:  5    Str: 21    XL:     6   Next: 44%
Magic:  6/6        EV: 10    Int:  7    God:
Gold:   131        SH:  5    Dex: 15    Spells: 5/5 levels left

rFire   . . .        a - +0 long sword
rCold   + . .        c - +0 buckler
rNeg    + . .        b - +2 leather armour {rC+}
rPois   .            (helmet unavailable)
rElec   .            (no cloak)
rCorr   .            (no gloves)
SInv    +            (no boots)
Will    .....        (no amulet)
Stlth   +            g - ring of positive energy
HPRegen 0.28/turn    (no ring)
MPRegen 0.10/turn

%: no passive effects
@: mighty, lethally poisoned (-1 -> -12), attractive
A: permanent stasis, dig shafts and tunnels, antennae 3, four strong arms
a: Dig


You were in a sewer.
You visited 1 branch of the dungeon, and saw 5 of its levels.
You also visited: Sewer.

You collected 131 gold pieces.

Inventory:

Hand Weapons
 a - a +0 long sword (weapon)
Missiles
 k - 3 throwing nets
Armour
 b - a +2 leather armour of cold resistance (worn)
 c - a +0 buckler (worn)
Jewellery
 g - a ring of positive energy (left hand)
Scrolls
 h - 2 scrolls of identify {unknown}
 i - a scroll of acquirement {unknown}
 l - 4 scrolls of poison {unknown}
 m - a scroll of fog {unknown}
 o - a scroll of amnesia {unknown}
 p - a scroll of fear {unknown}
 s - a scroll of enchant weapon {unknown}
 t - a scroll of butterflies {unknown}
Potions
 e - 3 potions of attraction
 f - a potion of ambrosia {unknown}
 j - a potion of haste
 n - 2 potions of curing {unknown}
 q - a potion of brilliance {unknown}
 r - a potion of degeneration {unknown}


   Skills:
 + Level 4.4 Fighting
 * Level 4.2 Long Blades
 + Level 4.4 Armour
 + Level 5.3 Shields


You had 5 spell levels left.
You didn't know any spells.
Your spell library was empty.

Dungeon Overview and Level Annotations

Branches:
Dungeon (5/15)              Sewer (1/1)
 Temple: D:4-7

Altars:
Hepliaklqana

Shops:
D:3 !*


Innate Abilities, Weirdness & Mutations

You cannot be hasted, slowed, berserked, paralysed or teleported.
You can dig through walls and to a lower floor.
You have a pair of large antennae on your head. (SInv)
Your four strong arms can wield two-handed weapons with a shield.


Message History

You slash the kobold brigand!
The kobold brigand is almost dead.
You feel sick.
You are no longer poisoned.
The kobold brigand splashes around in the water.
The kobold brigand hits you but does no damage.
You closely miss the kobold brigand.
The kobold brigand is almost dead.
The kobold brigand barely misses you.
The kobold brigand hits you with a +0 dagger.
* * * LOW HITPOINT WARNING * * *
You slash the kobold brigand!
You kill the kobold brigand!
You hear a splash. x2
The kobold brigand hits you but does no damage.
Your Shields skill increases to level 5!
You have reached level 6!
You slash the kobold brigand!
The kobold brigand is heavily wounded.
The kobold brigand hits you but does no damage.
You block the kobold brigand's attack.
You slash the kobold brigand!
The kobold brigand is almost dead.
You slash the kobold brigand!
You kill the kobold brigand!
You hear a splash. x2
The kobold brigand throws a curare-tipped dart.
The curare-tipped dart hits you.
You are lethally poisoned!
You have difficulty breathing.
* * * LOW HITPOINT WARNING * * *
Your stasis prevents you from being slowed.
Your Long Blades skill increases to level 4!
It was a potion of attraction.
You feel attractive to monsters.
* * * LOW HITPOINT WARNING * * *
You feel very sick.
It was a potion of haste.
Your stasis prevents you from being hasted.
You die...

#.....~~~~..~.~≈≈≈≈≈~.∩.~†~
#~..~.####.....#####...∩.##
##...## ##~~.## ##.~~##
##### ##†## ##≈## #†# #≈#
#~# #≈# ##~## #≈# ##~..##
..{ .!.#####@....#####~.~~
..?....K)~.~.~~~~~...~
K..#####~....#####~..
##.~.## #####


You could see a kobold brigand.

Vanquished Creatures
  2 kobold brigands (Sewer)
  2 adders
  2 river rats (Sewer)
  7 worms
  2 dart slugs
  A bat (D:1)
  8 endoplasms
  3 giant cockroaches
  8 goblins
  3 hobgoblins (D:2)
  8 quokkas
  5 ball pythons
  5 frilled lizards
  11 kobolds
  7 rats
74 creatures vanquished.

Notes
Turn   | Place    | Note
-------+----------+-------------------------------------------
     0 | D:1      | Ivernyr the Formicid Fighter began the quest for the Orb.
     0 | D:1      | Reached XP level 1. HP: 18/18 MP: 1/1
   213 | D:1      | Reached XP level 2. HP: 24/24 MP: 2/2
   543 | D:1      | Reached XP level 3. HP: 21/29 MP: 3/3
   670 | D:1      | Found a faded altar of an unknown god.
  1079 | D:2      | Reached XP level 4. HP: 36/37 MP: 4/4
  1622 | D:3      | Found Atunaz's Distillery.
  1786 | D:3      | Found a faded altar of an unknown god.
  1789 | D:3      | Found a hazy altar of Hepliaklqana.
  1850 | D:3      | Found Ennul's Assorted Antiques.
  1882 | D:3      | You fall into a shaft and drop 2 floors!
  1882 | D:5      | Entered Level 5 of the Dungeon
  2023 | D:4      | Found a glowing drain.
  2034 | Sewer    | Entered a sewer
  2189 | Sewer    | Reached XP level 5. HP: 35/42 MP: 5/5
  2446 | Sewer    | Noticed a kobold brigand
  2447 | Sewer    | Noticed a kobold brigand
  2447 | Sewer    | Noticed a kobold brigand
  2463 | Sewer    | Killed a kobold brigand
  2464 | Sewer    | Reached skill level 5 in Shields
  2464 | Sewer    | Reached XP level 6. HP: 13/48 MP: 6/6
  2467 | Sewer    | HP: 2/49 [poisoned by a kobold brigand (curare-tipped
                  | dart)]
  2468 | Sewer    | Succumbed to a kobold brigand's curare-tipped dart

Illustrated notes

Levels and vault maps discovered:
D:1:      erik_arrival_triangle_small, layout_loops_ring,
          chequers_ecumenical_altar_simple_redux
D:2:      layout_basic
D:3:      layout_basic, nicolae_overflow_ecumenical_swirl, serial_shops, shop,
          nicolae_shop_advertising_works [nicolae_subvault_shop_adworks],
          nicolae_shop_gaudy_bauble, uniq_ijyb, uniq_jessica
D:4:      layout_basic, cheibrodos_sewer_entry_sluice, serial_co_window_serial,
          co_window_of_opportunity_a, co_window_paths_a, co_window_corner_a,
          co_window_paths_b, co_window_paths_a, co_window_corner_ca,
          co_window_unsneaky_path_a, co_window_broadway_c,
          co_window_unsneaky_path_d, glass_columns_a, glass_columns_b,
          glass_columns_a, glass_columns_a, minmay_misc_feat_x,
          grunt_ministairs_13, minmay_manual_monstrance
D:5:      layout_rooms, gammafunk_ghost_icy
Sewer:    sewer_co_15_rooms

Skill      XL: |  1  2  3  4  5  6 |
---------------+-------------------+-----
Long Blades    | 3 4 |  4.2
Armour         | 4 |  4.4
Fighting       | 4 |  4.4
Shields        | 5 |  5.3

Action                     |  1- 3 |  4- 6 || total
---------------------------+-------+-------++-------
  Melee: Long sword        |   144 |   167 ||   311
Ability: Shaft Self        |       |     1 ||     1
    Use: Potion            |       |     3 ||     3
 Armour: Scale mail        |    76 |     8 ||    84
         Leather armour    |       |    25 ||    25
  Dodge: Dodged            |    94 |    62 ||   156
  Block: Buckler           |    45 |    45 ||    90
